 Dungeon Crawl Stone Soup version 0.29-a0-998-g1987434951 (webtiles) character file.

Game seed: 1077839338284246581

4 xian the Charlatan (level 1, -1/9 HPs)
             Began as a Vine Stalker Artificer on Aug 5, 2022.
             Slain by a goblin
             ... wielding a +0 club
              (4 damage)
             ... on level 1 of the Dungeon.
             The game lasted 00:00:32 (332 turns).

xian the Charlatan (Vine Stalker Artificer)          Turns: 332, Time: 00:00:32

Health: -1/9       AC:  3    Str: 14    XL:     1   Next: 70%
Magic:  0/2        EV: 11    Int: 11    God:
Gold:   22         SH:  0    Dex: 14    Spells: 0/0 levels left

rFire   . . .      SeeInvis .   g - +0 short sword
rCold   . . .      Faith    .   (no shield)
rNeg    . . .      Spirit   +   b - +0 leather armour
rPois   .          Reflect  .   (no helmet)
rElec   .          Harm     .   (no cloak)
rCorr   .          Rampage  .   (no gloves)
Will    .....                   (no boots)
Stlth   +.........              (no amulet)
HPRegen 0.03/turn               (no ring)
MPRegen 0.08/turn               (no ring)

@: no status effects
A: fangs 2, magic shield, antimagic bite, no potion heal 2
a: no special abilities


You were on level 1 of the Dungeon.
You visited 1 branch of the dungeon, and saw 1 of its levels.

You collected 22 gold pieces.

Inventory:

Hand Weapons
 g - a +0 short sword (weapon)
Armour
 b - a +0 leather armour (worn)
Wands
 c - a wand of flame (15) (quivered)
 d - a wand of charming (15)
 e - a wand of iceblast (9)
Scrolls
 f - a scroll of identify {unknown}


   Skills:
 + Level 0.8 Fighting
 + Level 1.6 Armour
 + Level 0.8 Dodging
 + Level 1.2 Stealth
 + Level 2.9 Evocations


You couldn't memorise any spells.
You didn't know any spells.
Your spell library was empty.

Dungeon Overview and Level Annotations

Branches:
Dungeon (1/15)

Altars:


Innate Abilities, Weirdness & Mutations

You have extremely sharp teeth.
When hurt, damage is shared between your health and your magic reserves.
Your bite disrupts and absorbs the magic of your enemies.
Potions cannot restore your health.


Message History

The hobgoblin is almost dead.
The hobgoblin barely misses you. x2
You hit the hobgoblin.
You kill the hobgoblin!
You see here a hobgoblin corpse.
Magic restored.
HP restored.
Found a stone staircase leading down.
A kobold comes into view. It is wielding a +0 club.
g - a +0 short sword (weapon)
You drop a +0 club.
A goblin comes into view. It is wielding a +0 club.
Found 16 gold pieces.
The kobold shouts!
The kobold throws a stone.
The stone closely misses you.
The goblin moves out of view.
A rat comes into view.
The goblin hits you but does no damage. The kobold barely misses you.
You hit the kobold but do no damage. The rat bites you.
The goblin hits you but does no damage. The kobold hits you with a +0 club.
You barely miss the kobold. Your bite misses the kobold.
The rat closely misses you. The goblin hits you but does no damage.
The kobold hits you but does no damage. The rat barely misses you.
The goblin misses you. The kobold hits you with a +0 club.
You completely miss the kobold. You bite the kobold.
You kill the kobold!
The rat bites you but does no damage. The goblin completely misses you.
You hit the rat but do no damage. Your bite misses the rat. The rat bites you.
You hit the rat. Your bite misses the rat.
The rat is severely wounded.
The rat closely misses you.
You hit the rat.
You kill the rat!
You hit the goblin. Your bite misses the goblin.
The goblin is moderately wounded.
The goblin hits you with a +0 club.
You barely miss the goblin.
The goblin is moderately wounded.
The goblin hits you with a +0 club.
You die...

### ## ..# . ###.# .#
.... #.##.#
#.####....#
#..@g.)..#
..>####.)###..#.#
#.........# ...$.
#...#####.# .###.#
#...# ###.###.# #
#...###.....#..
.######...##.[#.#.##.
................#.# .
............>...#.#


You could see a goblin.

Vanquished Creatures
  2 hobgoblins (D:1)
  A ball python (D:1)
  A kobold (D:1)
  A rat (D:1)
5 creatures vanquished.

Notes
Turn   | Place    | Note
-------+----------+-------------------------------------------
     0 | D:1      | xian the Vine Stalker Artificer began the quest for the
                  | Orb.
     0 | D:1      | Reached XP level 1. HP: 9/9 MP: 2/2
   332 | D:1      | Slain by a goblin

Illustrated notes

Levels and vault maps discovered:
D:1:      wheals_arrival_shading, layout_loops_cross, minmay_door_square

Action                   || total
-------------------------++-------
Melee: Club              ||    11
       Short sword       ||     8
       Bite              ||     3
Armor: Leather armour    ||     6
Dodge: Dodged            ||    17

Table legend: (Time is in decaauts)
 A = Elapsed time spent in this place.
 B = Non-inter-level travel time spent in this place.
 C = Inter-level travel time spent in this place.
 D = Time resting spent in this place.
 E = Time spent auto-exploring this place.
 F = Levels seen in this place.
 G = Mean time per level.
                   A        B        C        D        E       F      G
               +--------+--------+--------+--------+--------+-----+--------+
         Total |    335 |    335 |      0 |      0 |    276 |   1 |  335.0 |
       Dungeon |    335 |    335 |      0 |      0 |    276 |   1 |  335.0 |
               +--------+--------+--------+--------+--------+-----+--------+

Top non-repeatable levels by time:
     D:1: 335 daAuts
